 Dungeon Crawl Stone Soup version bcrawl-1.21.2-1-g32d02e0829 (webtiles) character file.

Game seed: 3301803800488823777

41 Revguard the Conjurer (level 3, -2/28 HPs)
             Began as an Avariel Conjurer on Feb 25, 2020.
             Slain by Sigmund
             ... wielding a +0 scythe
              (12 damage)
             ... on level 2 of the Dungeon.
             The game lasted 00:05:13 (1589 turns).

Revguard the Conjurer (Avariel Conjurer)            Turns: 1589, Time: 00:05:14

Health: -2/28      AC:  2    Str: 11    XL:     3   Next: 52%
Magic:  2/9        EV: 12    Int: 20    God:
Gold:   88         SH:  0    Dex: 14    Spells: 2/8 levels left

rFire    . . .     SeeInvis .   (no weapon)
rCold    . . .     Gourm    .   (no shield)
rNeg     . . .     Faith    .   a - +0 robe
rPois    .         Spirit   .   (no helmet)
rElec    .         Reflect  .   (no cloak)
rCorr    .         Harm     .   (no gloves)
MR       .....                  (no boots)
Stlth    ..........             (no amulet)
HPRegen  0.09/turn              (no ring)
MPRegen  0.11/turn              (no ring)

@: confused, berserking, very quick
A: no striking features
a: no special abilities


You were on level 2 of the Dungeon.
You were not hungry.

You visited 1 branch of the dungeon, and saw 2 of its levels.

You collected 88 gold pieces.

Inventory:

Armour
 a - a +0 robe (worn)
Scrolls
 k - a scroll of fear {unknown}
 l - a scroll of remove curse {unknown}
 n - 3 scrolls of amnesia {unknown}
Potions
 c - a potion of magic
 f - a potion of might
 h - 2 potions of haste
 o - 3 potions of flight
Comestibles
 e - 5 rations {!d}
 m - a chunk of flesh


   Skills:
 + Level 2.2 Dodging
 + Level 2.3 Stealth
 + Level 3.0 Spellcasting
 + Level 6.6 Conjurations


You had 2 spell levels left.
You knew the following spells:

 Your Spells              Type           Power        Failure   Level  Hunger
a - Magic Dart            Conj           ####         1%          1    None
b - Searing Ray           Conj           ####....     1%          2    ##.....
c - Iskenderun's Mystic   Conj           ####....     2%          3    ###....

Your spell library contained the following spells:

 Spells                   Type           Power        Failure   Level  Hunger
 Fulminant Prism          Conj/Hex       ###.......   36%         4    ####...
 Irradiate                Conj/Tmut      ###.......   71%         5    ######.


Dungeon Overview and Level Annotations

Branches:
Dungeon (2/12)

Altars:
The Shining One

Annotations:
D:2 Sigmund


Message History

The searing ray hits something!
The searing ray hits something!
A magic dart appears from out of thin air!
The magic dart hits you.
Without enough magic to sustain it, your searing ray dissipates.
You hear some strange, mumbled words.
Something tries to affect you, but you resist.
A puff of flame appears from out of thin air!
The puff of flame hits you!
You hear some strange, mumbled words.
You are confused.
Some of the chunks of flesh in your inventory have rotted away.
You hear some strange, mumbled words.
You are more confused.
A red film seems to cover your vision as you go berserk!
You feel yourself moving faster!
You feel mighty!
You bump into the rock wall.
You feel a strong urge to attack something.
You bump into the rock wall.
Something hits you!
You die...

#.# ###.#
##...## #.#
#...# ##....
#.# #.###
#.#### #.#
#.# #.#
#######.# #.#
#.# #(......#
#.# ...
#.####### #.#
... #.#
#.########.
..#
#@.........
###
###########
#.. #.# #.#
#### #.# ...#
#.# ##.######
#.# #.......#
##### #.#
#..####.#
#...####.####


There were no monsters in sight!

Vanquished Creatures
  2 worms
  A leopard gecko (D:1)
  5 bats
  2 giant cockroaches (D:2)
  6 goblins
  5 hobgoblins (D:2)
  A frilled lizard (D:2)
  4 kobolds
  5 rats
31 creatures vanquished.

Notes
Turn   | Place    | Note
-------+----------+-------------------------------------------
     0 | D:1      | Revguard the Avariel Conjurer began the quest for the Orb.
     0 | D:1      | Reached XP level 1. HP: 10/10 MP: 6/6
   238 | D:1      | Reached XP level 2. HP: 15/15 MP: 5/7
   253 | D:1      | Learned a level 2 spell: Searing Ray
   477 | D:1      | Reached skill level 6 in Conjurations
   865 | D:2      | Found a glowing golden altar of the Shining One.
  1070 | D:2      | Reached XP level 3. HP: 19/19 MP: 7/9
  1086 | D:2      | Learned a level 3 spell: Iskenderun's Mystic Blast
  1574 | D:2      | Noticed Sigmund
  1589 | D:2      | Slain by Sigmund

Skill      XL: |  1  2  3 |
---------------+----------+-----
Conjurations   | 6 |  6.6
Spellcasting   | 3 |  3.0
Dodging        | |  2.2
Stealth        | |  2.3

Action                   || total
-------------------------++-------
Melee: Unarmed           ||     1
 Cast: Magic Dart        ||    52
       Searing Ray       ||     4
       Iskenderun's Myst ||     2
  Use: Scroll            ||     5
       Potion            ||     3
  Eat: Chunk             ||     2
Armor: Robe              ||     3
Dodge: Dodged            ||     6
